Cogmind - Beta 14 @@@ ROGUE MODE // 2024.11.27 @ 15:29:32 Player: skye Result: Destroyed by Y-45 Defender with Heavy Assault Rifle Performance ------------- Evolutions (1) 500 Regions Visited (3) 600 Robots Destroyed (93) 465 Value Destroyed (2119) 2119 Prototype IDs (6) 120 Alien Tech Used (0) 0 Bonus (27) 27 TOTAL SCORE: 3831 Bonus ------- High Alert Combat Kills 54 Friendly Fire -27 Cogmind --------- Core Integrity 0/400 Matter 270/350 Energy 260/280 System Corruption 0% Temperature Cool (0) Movement Rolling (115) Ox1 Location -9/Storage Parts ------- > --- POWER (1) -------- Cooled Ion Engine > --- PROPULSION (3) --- Light Treads Improved Treads Compact Wheel > --- UTILITY (3) ------ Medium Storage Unit Small Matter Pod > --- WEAPON (2) ------- Improved Medium Laser Advanced Beam Cannon > --- INVENTORY (10) --- Improved Ion Engine Light Deuterium Engine Improved Flight Unit Improved Flight Unit Improved Flight Unit Signal Interpreter Hacking Suite Improved EM Shotgun Beamcaster Improved Assault Rifle Peak State ------------ > --- POWER ------------ Light Angular Momentum Engine > --- PROPULSION ------- Improved Treads Improved Treads Armored Wheel > --- UTILITY ---------- Medium Storage Unit Improved Terrain Scanner Remote Shield > --- WEAPON ----------- Improved Medium Laser Improved Assault Rifle > --- INVENTORY -------- Light Deuterium Engine Improved Flight Unit Improved Flight Unit Improved Heat Sink Small Matter Pod Signal Interpreter Hacking Suite Beamcaster Mining Laser [Rating: 28] Favorites ----------- Power Light Deuterium Engine Engine Light Deuterium Engine Power Core Light Nuclear Core Propulsion Improved Treads Treads Improved Treads Leg Aluminum Leg Wheel Armored Wheel Flight Unit Improved Flight Unit Utility Medium Storage Unit Device Improved Heat Sink Storage Medium Storage Unit Processor Transport Network Coupler Protection Light Armor Plating Weapon Improved Medium Laser Energy Gun Improved Medium Laser Energy Cannon Advanced Beam Cannon Ballistic Gun Light Assault Rifle Ballistic Cannon Improved Light Cannon Launcher Rocket Launcher Special Weapon Mining Laser Slashing Weapon Katana Build | -11 -10 -9 -9 ------- Run | Yrd Mat Mat Sto Slots Evolved 2 | . . 2 . Power . | . . . . Propulsion 1 | . . 1 . Utility 1 | . . 1 . Weapon . | . . . . Parts Attached 97 | 6 21 31 39 Power 12 | . 3 4 5 Engine 10 | . 1 4 5 Core 2 | . 2 . . Reactor . | . . . . Propulsion 24 | 2 6 9 7 Treads 11 | . 2 5 4 Leg 5 | 2 3 . . Wheel 7 | . 1 4 2 Hover . | . . . . Flight 1 | . . . 1 Utility 28 | 1 7 8 12 Device 9 | . 2 2 5 Storage 6 | 1 1 2 2 Processor 1 | . . . 1 Hackware . | . . . . Protection 12 | . 4 4 4 Artifact . | . . . . Weapon 33 | 3 5 10 15 Energy Gun 8 | 2 1 2 3 Energy Cannon 2 | . . . 2 Ballistic Gun 11 | 1 2 3 5 Ballistic Cannon 1 | . . 1 . Launcher 5 | . 2 2 1 Special Weapon 5 | . . 1 4 Impact Weapon . | . . . . Slashing Weapon 1 | . . 1 . Piercing Weapon . | . . . . Special Melee Weapon . | . . . . Unidentified Prototypes 6 | . . 1 5 Parts Lost 15 | . 2 3 10 Power 3 | . . 1 2 Propulsion 6 | . 2 1 3 Utility 4 | . . 1 3 Weapon 2 | . . . 2 Highest Loss Streak 3 | . 2 1 3 To Critical Strikes . | . . . . Average Slot Usage (%) 96 | . 94 97 97 Engine 7 | . . 10 10 Core 4 | . 13 . . Treads 17 | . 9 20 21 Leg 4 | . 13 . . Wheel 7 | . . 11 10 Device 8 | . 1 11 13 Storage 12 | . 14 11 12 Protection 9 | . 12 10 6 Energy Gun 8 | . 10 5 9 Ballistic Gun 7 | . 14 2 6 Ballistic Cannon 3 | . . 10 1 Launcher 2 | . 2 3 1 Peak Build Rating 28 | 6 14 21 28 Average Rating 16 | 4 10 18 21 On Entrance 9 | . 6 13 20 Naked Turns . | . . . . Heaviest Build 37 | 9 23 37 31 Greatest Support 46 | 20 46 46 46 Greatest Overweight (x) 4 | . 4 3 2 Average Overweight (x) . | . . 1 1 Largest Inventory Capacity 15 | 8 10 15 10 Average Capacity 9 | 7 8 10 10 Most Carried 10 | 8 10 10 10 Average Carried 9 | 4 8 9 9 Final Capacity 10 | 8 10 10 10 Final Carried 10 | 8 10 10 10 Class Distribution -------------------- 79% | Mutant 20% | Scavenger-Mutant Dominant Class ---------------- Mutant | -10/Materials Mutant | -9/Materials Scavenger-Mutant | -9/Storage Resources | -11 -10 -9 -9 ----------- Run | Yrd Mat Mat Sto Matter Collected 1858 | 270 396 645 547 Remotely . | . . . . Salvage Created 3072 | 115 709 996 1252 Parts 202 | 6 33 75 88 Haulers Intercepted 11 | . 1 5 5 Recyclers Shooed 9 | . 6 2 1 Parts Field Recycled . | . . . . Retrieved Matter . | . . . . Parts Self-Destructed . | . . . . Prevented . | . . . . Kills | -11 -10 -9 -9 ------- Run | Yrd Mat Mat Sto Combat Hostiles Destroyed 63 | . 11 25 27 Guns 32 | . 8 3 21 Cannons 13 | . . 10 3 AOE 17 | . 3 12 2 Classes Destroyed 10 | 2 3 3 2 Worker 8 | . 1 3 4 Tunneler 3 | 1 . 2 . Hauler 11 | . 1 5 5 Recycler 7 | 1 3 2 1 Operator 1 | . . . 1 Swarmer 16 | . . 8 8 Grunt 35 | . 11 11 13 Duelist 1 | . . 1 . Protector 1 | . . . 1 Sentry 10 | . . 5 5 Best Kill Streak 14 | 1 3 14 5 Combat Bots Only 10 | . 3 10 5 Max Kills in Single Turn 5 | 1 2 5 2 Gunslinging 1 | . . . 1 Exploded 4 | . 2 4 2 Melee . | . . . . Uniques/NPCs Destroyed . | . . . . Combat | -11 -10 -9 -9 -------- Run | Yrd Mat Mat Sto Hostile Shots Fired 351 | . 56 95 200 Missed 103 | . 13 25 65 Damage Taken 3228 | . 585 912 1731 Core 528 | . 124 61 343 Absorbed by Shields 11 | . . . 11 Redirected to Shielding 75 | . 55 20 . Regen/Repaired (Parts) 48 | . 48 . . Core Remaining (%) 75 | 100 50 . . Volleys Fired 300 | 12 80 103 105 Largest 2 | 2 2 2 2 Hottest 156 | 90 70 100 156 Shots Fired 424 | 16 142 107 159 Gun 335 | 16 139 54 126 Cannon 72 | . . 46 26 Launcher 10 | . 3 6 1 Special 7 | . . 1 6 Kinetic 229 | 10 78 62 79 Thermal 183 | 4 61 39 79 Explosive 10 | . 3 6 1 Electromagnetic 2 | 2 . . . Robot Hit Streak 15 | 6 6 15 15 Robot Miss Streak 5 | 1 5 2 3 Penetration Max . | . . . . Secondary Targets 3 | . . . 3 Max Gunslinging Chain 1 | . . . 1 Shots Hit Robots 265 | 11 79 80 95 Core Hits 143 | 5 38 50 50 Critical Kills . | . . . . Critical Parts Destroyed . | . . . . Critical Strikes 20 | . 7 6 7 Burn 15 | . 7 2 6 Blast 5 | . . 4 1 Melee Attacks . | . . . . Impact . | . . . . Slashing . | . . . . Piercing . | . . . . Sneak Attacks . | . . . . Combat Hostiles . | . . . . Follow-up Attacks . | . . . . Damage Inflicted 5356 | 116 1140 2302 1798 Guns 2890 | 103 849 670 1268 Cannons 1050 | . . 692 358 Explosions 1398 | . 287 940 171 Melee . | . . . . Ramming 18 | 13 4 . 1 Kinetic 2202 | 49 385 910 858 Thermal 1723 | 39 464 452 768 Explosive 1398 | . 287 940 171 Electromagnetic 15 | 15 . . . Impact . | . . . . Slashing . | . . . . Piercing . | . . . . Highest Corruption 5 | . 5 . . Average Corruption 3 | . 3 . . Corruption Purged . | . . . . Corruption Blocked . | . . . . Effects 32 | . 32 . . Message Errors 6 | . 6 . . Matter Fused 12 | . 12 . . Heat Flow Errors 1 | . 1 . . Energy Discharges 4 | . 4 . . Parts Rejected 2 | . 2 . . Data Loss (minor) 3 | . 3 . . Data Loss (major) 3 | . 3 . . Misfires 1 | . 1 . . Overload Shots . | . . . . Overflow Damage . | . . . . Projectiles . | . . . . Explosions . | . . . . Melee . | . . . . Knockbacks 6 | . . 4 2 Impact . | . . . . Kinetic 6 | . . 4 2 Secondary . | . . . . Self-Inflicted Damage 43 | . 13 30 . Shots 3 | . 2 1 . Rammed 3 | . 1 . 2 Targets Rammed 8 | 4 2 . 2 Kicked 5 | 4 1 . . Crushed . | . . . . Highest Temperature 412 | 55 254 144 412 Average Temperature 66 | 24 76 22 86 Received Heat Transfer 1587 | . 345 393 849 Effects 3 | . . . 3 Energy Bleed 2 | . . . 2 Damage (minor) 1 | . . . 1 Siege Activations . | . . . . Robots Corrupted . | . . . . Combat Hostiles . | . . . . Parts Fried . | . . . . Impact Corruptions . | . . . . Robots Melted . | . . . . Combat Hostiles . | . . . . Parts Melted 11 | . 2 8 1 Heat Transferred 5234 | 111 1887 1221 2015 Parts Sabotaged . | . . . . Parts Stolen . | . . . . Parts Stripped . | . . . . Power Chain Reactions . | . . . . Alert | -11 -10 -9 -9 ------- Run | Yrd Mat Mat Sto Peak Influence 537 | 10 146 537 343 Initial 48 | . 6 48 7 Average 124 | 4 60 229 92 Maximum Alert Level 2 | . . 2 1 Low Security (%) 73 | 100 100 30 87 Level 1 23 | . . 58 12 Level 2 3 | . . 10 . Level 3 . | . . . . Level 4 . | . . . . Level 5 . | . . . . High Security . | . . . . Max Security . | . . . . Squads Dispatched 9 | . 3 3 3 Investigation 2 | . 1 1 . Extermination . | . . . . Reinforcement 4 | . 2 2 . Assault 2 | . . . 2 Garrison 1 | . . . 1 Intercept . | . . . . Searches Triggered . | . . . . Construction Impeded 1 | . . 1 . Haulers Reinforced . | . . . . Active Scanning Responses . | . . . . Cargo Convoy Interrupts . | . . . . Stealth | -11 -10 -9 -9 --------- Run | Yrd Mat Mat Sto Distress Signals 9 | . 3 3 3 Communications Jammed . | . . . . Distress Signals . | . . . . Times Spotted 105 | . 33 33 39 Peak Tracking Total 8 | . 5 6 8 Tactical Retreats 7 | . 5 1 1 Traps | -11 -10 -9 -9 ------- Run | Yrd Mat Mat Sto Traps Triggered 9 | . 3 1 5 Indirectly . | . . . . Trap Hack Attempts . | . . . . Triggered . | . . . . Disarmed . | . . . . Reprogrammed . | . . . . Reused . | . . . . Traps Extracted . | . . . . Installed . | . . . . Triggered . | . . . . Machines | -11 -10 -9 -9 ---------- Run | Yrd Mat Mat Sto Machines Disabled 6 | . . 2 4 Max in Single Turn 1 | . . 1 1 Machines Repaired . | . . . . Machines Dismantled . | . . . . Machines Sabotaged . | . . . . Overloaded Fab Kills . | . . . . Hacking | -11 -10 -9 -9 --------- Run | Yrd Mat Mat Sto Machines Accessed 22 | . 7 8 7 Terminals 15 | . 4 7 4 Fabricators . | . . . . Repair Stations 2 | . 1 . 1 Recycling Units 5 | . 2 1 2 Scanalyzers . | . . . . Garrison Access . | . . . . Total Hacks 53 | . 16 21 16 Successful 29 | . 7 14 8 Failed 24 | . 9 7 8 Catastrophic 2 | . . 1 1 Database Lockouts . | . . . . Manual 39 | . 10 19 10 Terminals 39 | . 10 20 9 Fabricators . | . . . . Repair Stations 4 | . 2 . 2 Recycling Units 10 | . 4 1 5 Scanalyzers . | . . . . Garrison Access . | . . . . Terminal Hacks 10 | . 2 7 1 Branch Access Points 1 | . . 1 . Terminal Index 1 | . . 1 . Alert Level 2 | . 1 1 . Unreport Threat 5 | . 1 3 1 Dispatch Records 1 | . . 1 . Fabricator Hacks . | . . . . Repair Station Hacks 4 | . 2 . 2 Scan Component 2 | . 1 . 1 Repair 2 | . 1 . 1 Recycling Unit Hacks 4 | . 1 1 2 Report Inventory 4 | . 1 1 2 Scanalyzer . | . . . . Garrison Access Hacks . | . . . . Unauthorized Hacks 11 | . 2 6 3 Terminals 10 | . 2 6 2 Botnet 10 | . 2 6 2 Fabricators . | . . . . Repair Stations . | . . . . Recycling Units 1 | . . . 1 Reject 1 | . . . 1 Scanalyzers . | . . . . Garrison Access . | . . . . Data Cores Recovered 1 | . . . 1 Used . | . . . . Hacking Detections 17 | . 5 7 5 Full Trace Events 1 | . 1 . . Feedback Events 1 | . 1 . . Corruption 1 | . 1 . . Feedback Blocked . | . . . . Robot Schematics Acquired . | . . . . Robots Built . | . . . . Authchips . | . . . . Time . | . . . . Total Robot Build Rating . | . . . . Part Schematics Acquired . | . . . . Parts Built . | . . . . Authchips . | . . . . Time . | . . . . Total Part Build Rating . | . . . . Parts Repaired 1 | . 1 . . Time 64 | . 26 . 38 Parts Recycled . | . . . . Recycled Matter . | . . . . Retrieved Matter . | . . . . Retrieved Components . | . . . . Parts Scanalyzed . | . . . . Part Schematics Acquired . | . . . . Parts Damaged . | . . . . Bothacking | -11 -10 -9 -9 ------------ Run | Yrd Mat Mat Sto Used RIF Installer . | . . . . Robots Hacked . | . . . . Non-combat . | . . . . Combat . | . . . . Robot Hacks Applied . | . . . . Relay Couplers Released . | . . . . Fabnet Peak Effective % . | . . . . Robots Rewired . | . . . . Allies Hacked . | . . . . Hacks Repelled . | . . . . Allies | -11 -10 -9 -9 -------- Run | Yrd Mat Mat Sto Total Allies 2 | . . . 2 Largest Group 2 | . . . 2 Highest-Rated Group 62 | . . . 62 Highest-Rated Ally 31 | . . . 31 Total Orders . | . . . . Ally Attacks 6 | . . . 6 Total Damage 105 | . . . 105 Kills . | . . . . Allies Corrupted . | . . . . Allies Melted . | . . . . Intel | -11 -10 -9 -9 ------- Run | Yrd Mat Mat Sto Robot Analysis Total . | . . . . Derelict Logs Recovered . | . . . . Drone Launches . | . . . . Drone Recoveries . | . . . . Exploration | -11 -10 -9 -9 ------------- Run | Yrd Mat Mat Sto Turns Passed 4739 | 141 1524 1541 1533 Spaces Moved 2420 | 79 808 891 642 Core 2 | 1 1 . . Treads 698 | . 254 328 116 Legs 591 | 78 513 . . Wheels 1129 | . 40 563 526 Hover . | . . . . Flight . | . . . . Fastest Speed 50 | 50 115 95 90 Average Speed 139 | 119 152 138 126 Slowest Speed 250 | 120 250 240 240 Overloaded Moves . | . . . . Propulsion Burnouts . | . . . . Robots Hopped . | . . . . Cave-ins Triggered . | . . . . Exploration Rate (%) 54 | 5 89 66 58 Regions Visited 3 Branch Regions 1 Pre-discovered Areas . | . . . . Known Exits Taken 1 | . . 1 . Unknown Exits Taken 2 | 1 1 . . Scrap Searched . | . . . . Spaces Dug 2 | . . 1 1 Terrain Destroyed 80 | . 14 55 11 Melee . | . . . . Projectile 7 | . . 4 3 AOE 73 | . 14 51 8 Terrain Rammed . | . . . . Walls Destroyed . | . . . . Machines Disabled . | . . . . Actions | -11 -10 -9 -9 --------- Run | Yrd Mat Mat Sto Total 3373 | 108 978 1096 1191 Wait 424 | . 38 39 347 Move 2417 | 78 807 890 642 Hop . | . . . . Pick Up 53 | 8 13 13 19 Fast Attach 24 | 5 7 2 10 Attach 17 | . 2 5 10 Detach 3 | . . 1 2 Swap 56 | 1 12 24 19 Drop 55 | . 17 19 19 Fire 300 | 12 80 103 105 Melee . | . . . . Ram . | . . . . Kick 5 | 4 1 . . Crush 3 | . 1 . 2 Escape Stasis 16 | . . . 16 Rewire . | . . . . Trap . | . . . . Miscellaneous . | . . . . Route ------- -11/Scrapyard -10/Materials (discovered 3 exits: *Mat x2 / [*Min]) -9/Materials (discovered 4 exits: [*Mat x2] / *Min / *Sto) -9/Storage (discovered 1 exit: [*Mat]) History --------- Turn | Location | Event 7 | -11/Scrapyard | Discovered new exit (range 16) 142 | -11/Scrapyard | Entered Materials 310 | -10/Materials | Build established: Mutant 379 | -10/Materials | Discovered new exit (range 7) 471 | -10/Materials | Repaired Aluminum Leg 691 | -10/Materials | Discovered new exit (range 15) 1246 | -10/Materials | Discovered new exit (range 16) 1666 | -10/Materials | Entered another Materials area 1666 | -9/Materials | Evolved 2 slots: Propulsion x1, Utility x1 1807 | -9/Materials | Destroyed 10 combat bots 1860 | -9/Materials | Discovered new exit (range 3) 1956 | -9/Materials | Discovered new exit (range 11) 2132 | -9/Materials | Discovered new exit (range 16) 2551 | -9/Materials | Discovered new exit (range 4) 2817 | -9/Materials | Identified exit to Mines 2817 | -9/Materials | Identified exit to Storage 3207 | -9/Materials | Entered Storage 3279 | -9/Storage | Met a pair of Derelict thieves 3419 | -9/Storage | Lost 3 parts (1p2w) 3833 | -9/Storage | Build established: Scavenger-Mutant 4084 | -9/Storage | Core integrity fell below 50% 4268 | -9/Storage | Lost 3 parts (1p1n1u) 4331 | -9/Storage | Core integrity fell below 20% 4684 | -9/Storage | Discovered new exit (range 8) 4705 | -9/Storage | Garrison activated, responded to threat 4740 | -9/Storage | Destroyed by Y-45 Defender with Heavy Assault Rifle Last Messages --------------- (Burn). 04731_ R-06 Scavenger collects Transport Network Coupler. 04734_ Critical hit (Burn: +37). 04734_ K-01 Serf collects debris. 04735_ Triggered Blade Trap. 04735_ Massive razor-sharp blades shoot up from within the floor. 04735_ Adv. Beam Cannon severed. 04736_ R-06 Scavenger collects Imp. EM Shotgun. 04737_ Acquired Adv. Beam Cannon. 04738_ U-05 Engineer lays Concrete. 04738_ Triggered Blade Trap. 04738_ Massive razor-sharp blades shoot up from within the floor. 04738_ Imp. Treads severed. 04738_ Imp. Heat Sink severed. 04739_ R-06 Scavenger collects Lgt. Treads. 04740_ U-05 Engineer lays Concrete. 04740_ Acquired Imp. Treads. Map ----- +----------------------------------------------------+ | ???????###???????????#"""# [ # [[ | | ??????????????#??????#####^ +% = [ | | ?????????????#???????????# # """ """[ | | ?????????????#?########### # """ """* | | ???????????????# # """ """ | | ????????#??????+ % #### ########## | | ???????????????# % #####+#####?????? | | ???????????????# %*** + #?????? | | ???????????????# ###### [% ! #?????? | | ??????########## ###??# #????#? | | ??????# +%#????# #?????? | | ??????# " " # #????# #???? ? | | ??????# """"*" #%###??# [ ! #?????? | | ??????# " "" # #??#| #?????? | | ??????# ]""|" + #??# #?????? | | ??????# "["""" # #??###########?????# | | ??????# """? # #??????????????????? | | ??????# ?? # #??????????????????? | | ??????# ? # #??????????????????? | | ??????########## #??????????????????? | | ???????????????# #??????????????????? | | ???????????????# #??????????????????? | | ????????######## ###############+###? | | ????????# ^ ! | | ????????# < ^ ^ r]k* * =%[ | | ????????# !@u = %]!%=[%! ! | | ????????######/#########+#########+???? | | ????????????? ??????????????????????? | | ????????????? "??????????????????????? | | ???????????? ""?????????????????????? | | ???????????? ""?????????????????????? | | ??????????? ????????????????????? | | ??????????? """????????????????????? | | ??????????# "??????????????????????? | | ??????????# "??????????????????????? | | ??????????# ! ??????????????????????? | | ???????????####???????????????????????? | | | | | | | | | | | | | | | | | | | | | | | | | | | +----------------------------------------------------+ Best States ------------- Heat Dissipation 42 Energy Generation 18 Energy Capacity 280 Matter Stores 320 Matter Capacity 350 Sight Range 16 Terrain Scan Range 16 Terrain Scan Density 10 Armor Coverage 225 Propulsion Shielding 33 Weapon Shielding 33 Evasion (%) 55 Recoil Reduction 2 Item Schematics ----------------- None Robot Schematics ------------------ None Fabricated ------------ Nothing Alien Tech Used ----------------- None Achievements -------------- None Challenges ------------ None Game ------ Seed ExoskeletonFluxSword Manual? 0 Play Time 00:47:26 Cumulative 77.6 hours Start 2024.11.27 @ 14:52:20 End 2024.11.27 @ 15:29:32 Sessions 1 Manual Loads 0 Difficulty Rogue Special Mode None Game No. 99 Rogue 55 Adventurer 44 Explorer 0 Win Type - Total 0 Types 0/0/0/0/0/0/0/0/0 Lore% 21 Gallery% 48 Achievement% 35 Wizard Run 0 Options --------- Layout 1 ASCII 0 Keyboard 1 Movement Vi Keybinds 0 Fullscreen 1 Font 24/Terminus Map View 50x40 Zoom Use 0% Tactical HUD 1 Map Filters NONE Filters NONE Steam 1 RUN: fde0197d-a908-459a-a14c-d4818c89981e